 Dungeon Crawl Stone Soup version 0.28.0-49-g6dfe1f597d (webtiles) character file.

Game seed: 12600060168869748857

99 Zeld the Insei (level 4, 0/29 HPs)
             Began as an Octopode Transmuter on May 11, 2022.
             Succumbed to an adder's poison
             ... on level 2 of the Dungeon.
             The game lasted 00:02:48 (2477 turns).

Zeld the Insei (Octopode Transmuter)                Turns: 2477, Time: 00:02:49

Health: 0/29       AC:  1    Str: 11    XL:     4   Next: 72%
Magic:  7/7        EV: 13    Int: 15    God:
Gold:   114        SH:  0    Dex: 12    Spells: 2/8 levels left

rFire   . . .      SeeInvis .     - Unarmed
rCold   . . .      Faith    .   (no shield)
rNeg    . . .      Spirit   .   (helmet currently unavailable)
rPois   .          Reflect  .   (no amulet)
rElec   .          Harm     .   (no ring)
rCorr   .          Rampage  .   (no ring)
Will    .....                   (no ring)
Stlth   +++.......              (no ring)
HPRegen 0.09/turn               (no ring)
MPRegen 0.10/turn               (no ring)
                                (no ring)
                                (no ring)

@: lethally poisoned (0 -> -3), appendages (expiring)
A: tentacle spike 3, almost no armour, amphibious, 8 rings, camouflage 1,
gelatinous body 1, (nimble swimmer 1), tentacles
a: End Transformation


You were on level 2 of the Dungeon.
One of your tentacles had grown a beastly spike.
You visited 1 branch of the dungeon, and saw 2 of its levels.

You collected 114 gold pieces.

Inventory:

Wands
 d - a wand of acid (1)
Scrolls
 a - a scroll of magic mapping {unknown}
 b - a scroll of enchant weapon {unknown}
 c - a scroll of identify {unknown}
 e - a scroll of summoning {unknown}
 f - a scroll of vulnerability {unknown}
 g - 4 scrolls of teleportation {unknown}
 h - a scroll of immolation {unknown}


   Skills:
 * Level 1.9 Fighting
 + Level 2.3 Dodging
 + Level 1.6 Stealth
 - Level 3.0 Unarmed Combat
 * Level 2.6 Spellcasting
 * Level 2.7 Transmutations
 + Level 1.0 Ice Magic
 + Level 1.5 Poison Magic


You had 2 spell levels left.
You knew the following spells:

 Your Spells              Type           Power      Damage    Failure   Level
a - Beastly Appendage     Tmut           20%        N/A       7%          1
b - Wereblood             Tmut           10%        N/A       11%         2
c - Spider Form           Tmut/Pois      8%         N/A       26%         3

Your spell library contained the following spells:

 Spells                   Type           Power      Damage    Failure   Level
 Frozen Ramparts          Ice            10%        1d3       38%         3
 Call Canine Familiar     Summ           1%         N/A       54%         3
 Portal Projectile        Hex/Tloc       2%         N/A       54%         3
 Ice Form                 Ice/Tmut       7%         N/A       67%         4
 Summon Ice Beast         Ice/Summ       3%         N/A       86%         4
 Leda's Liquefaction      Hex/Erth       0%         N/A       91%         4


Dungeon Overview and Level Annotations

Branches:
Dungeon (2/15)

Altars:

Shops:
D:1 (


Innate Abilities, Weirdness & Mutations

One of your tentacles has grown a beastly spike.
You cannot wear most types of armour.
You are amphibious.
You can wear up to eight rings at the same time.
Your skin changes colour to match your surroundings (Stealth+).
Your rubbery body absorbs attacks. (AC +1, EV +1)
((You are camouflaged when in or above water. (Stealth+)))
You have tentacles for arms and can constrict up to eight enemies at once.


Message History

You feel sick. The bat barely misses you. The bat hits you.
Things that are here:
a hobgoblin corpse; an adder corpse; a worm corpse You barely miss the bat.
You grab the bat. You constrict the bat.
You feel sick. The bat completely misses you.
You barely miss the bat.
The bat is moderately wounded.
You constrict the bat. The bat barely misses you.
The bat struggles to escape constriction.
The bat escapes!
You miss the adder. Your grab misses the adder.
Your tentacle spike misses the adder.
Your transformation is almost over.
You feel sick. The adder bites you.
You are more poisoned.
The adder poisons you!
You tentacle-slap the adder. You grab the adder.
The adder is heavily wounded.
You constrict the adder.
You feel sick. The adder bites you.
You are lethally poisoned!
The adder poisons you!
You tentacle-slap the adder.
You kill the adder!
* * * LOW HITPOINT WARNING * * *
You feel sick. The bat misses you.
Your Ice Magic skill increases to level 1!
* * * LOW HITPOINT WARNING * * *
You feel sick. The bat hits you.
* * * LOW HITPOINT WARNING * * *
* * * LOW HITPOINT WARNING * * *
You feel sick. The bat barely misses you.
Unknown command.
* * * LOW HITPOINT WARNING * * *
You feel sick. The bat hits you.
* * * LOW HITPOINT WARNING * * *
You aren't carrying any potions.
Unknown command.
* * * LOW HITPOINT WARNING * * *
You feel sick.
You die...

♣♣♣♣♣♣
####....##
♣♣....♣♣♣
###...#########
♣..♣♣♣..♣♣♣
##>.........#
...♣ ♣♣♣..♣♣♣
##..#####.##
.(♣♣ ♣♣♣..♣♣
##.#####.#
..♣♣♣♣ ♣♣♣.♣♣
#.......#
.....♣♣ ♣♣†♣♣♣♣
♣ #.####..#
.♣♣♣♣.♣♣
♣♣.♣♣.♣.♣
#....#..# ♣♣
♣♣.♣ ♣..b.@.♣
#<#..#..# ♣♣.♣
♣♣♣....!♣
#....#..####
♣♣..♣ ♣..(..♣
#.#..#......
♣.♣♣♣ ♣♣?..♣♣
#....#.#####
♣♣♣.♣♣ ♣♣♣♣♣
#....#.#
♣♣....♣
#....#.#
♣..♣♣...♣
#.##.#.#####
♣♣.♣ ♣♣.♣
#...........
♣♣.♣♣ ♣..
#.##.#.#####


You could see a bat.

Vanquished Creatures
  3 adders (D:2)
  3 worms (D:2)
  A dart slug (D:2)
  3 endoplasms
  4 giant cockroaches (D:1)
  5 goblins
  7 hobgoblins
  3 kobolds
  A quokka (D:2)
  6 ball pythons
  6 bats
  15 frilled lizards
  5 rats
62 creatures vanquished.

Vanquished Creatures (others)
  6 plants (D:1)
6 creatures vanquished.

Grand Total: 68 creatures vanquished

Notes
Turn   | Place    | Note
-------+----------+-------------------------------------------
     0 | D:1      | Zeld the Octopode Transmuter began the quest for the Orb.
     0 | D:1      | Reached XP level 1. HP: 13/13 MP: 3/3
   208 | D:1      | Reached XP level 2. HP: 16/18 MP: 3/5
   238 | D:1      | Found Xeozats's Weapon Shoppe.
   556 | D:1      | Reached XP level 3. HP: 21/23 MP: 4/6
   559 | D:1      | Learned a level 2 spell: Wereblood
   563 | D:1      | Learned a level 3 spell: Spider Form
  1251 | D:2      | Reached skill level 1 in Poison Magic
  1256 | D:2      | Reached skill level 1 in Stealth
  1362 | D:2      | Found a faded altar of an unknown god.
  1468 | D:2      | Reached XP level 4. HP: 7/29 MP: 2/7
  1473 | D:2      | HP: 1/29 [poisoned by an adder]
  2473 | D:2      | Reached skill level 1 in Ice Magic
  2475 | D:2      | HP: 1/29 [bat (1)]
  2477 | D:2      | Succumbed to an adder's poison

Illustrated notes

Levels and vault maps discovered:
D:1:      scummos_arrival_hexagon, layout_loops_ring, serial_shops, shop,
          minmay_lizard_king
D:2:      kb_forest_paths, layout_basic, shapermc_ecumenical_altar_mp_vishouse

Skill      XL: |  1  2  3  4 |
---------------+-------------+-----
Poison Magic   | 1 |  1.5
Stealth        | 1 |  1.6
Ice Magic      | 1 |  1.0
Fighting       | |  1.9
Dodging        | |  2.3
Unarmed Combat | |  3.0
Spellcasting   | |  2.6
Transmutations | |  2.7

Action                   |  1- 3 |  4- 6 || total
-------------------------+-------+-------++-------
Melee: Unarmed           |    89 |    37 ||   126
       Constrict         |    24 |     8 ||    32
       Kick              |    18 |     9 ||    27
       Tentacles         |    11 |     5 ||    16
       Punch             |     3 |     1 ||     4
 Cast: Beastly Appendage |    24 |    10 ||    34
  Use: Potion            |       |     2 ||     2
 Stab: Sleeping          |     4 |     4 ||     8
Armor: Skin              |     7 |     3 ||    10
Dodge: Dodged            |    68 |    21 ||    89
